 Dungeon Crawl Stone Soup version 0.17.1-3-g152610e (webtiles) character file.

113 Mammari the Ducker (level 5, 0/36 HPs)
             Began as a Human Gladiator on Apr 4, 2016.
             Killed by nerve-wracking pain
             ... invoked by Grinder
              (12 damage)
             ... on level 4 of the Dungeon.
             The game lasted 00:20:36 (2947 turns).

Mammari the Ducker (Human Gladiator)                Turns: 2947, Time: 00:20:36

Health: 0/36       AC:  9    Str: 15      XL:     5   Next: 17%
Magic:  5/5        EV:  7    Int:  8      God:
Gold:   123        SH:  0    Dex: 12 (13) Spells: 1 memorised, 1 level left

rFire  . . .     SeeInvis .     a - +2 war axe
rCold  . . .     Clarity  .     g - +0 chain mail
rNeg   . . .     SustAt   .     (no shield)
rPois  .         Gourm    .     c - +0 helmet
rElec  .         Spirit   .     (no cloak)
rCorr  .         Warding  .     (no gloves)
rMut   .         Stasis   .     (no boots)
MR     .....                    (no amulet)
Stlth  ..........               (no ring)
                                (no ring)

@: not resistant to hostile enchantments, extremely unstealthy
A: deterioration 1, dopey 1, frail 1
a: no special abilities


You were on level 4 of the Dungeon.
You were not hungry.

You visited 1 branch of the dungeon, and saw 4 of its levels.

You collected 123 gold pieces.

Inventory:

Hand Weapons
 a - a +2 war axe (weapon)
 e - a +0 dagger
 f - a +0 mace
 l - a +0 falchion
 o - a +0 whip
 u - a +0 spear
Missiles
 d - 3 throwing nets
 j - 48 stones
 t - 3 tomahawks (quivered)
Armour
 b - a +0 leather armour
 c - a +0 helmet (worn)
 g - a +0 chain mail (worn)
 h - a +0 leather armour
 i - a +0 chain mail
 p - a +0 ring mail
Wands
 r - a wand of digging (8)
Scrolls
 n - a scroll of recharging
 q - a scroll of enchant armour {unknown}
 v - a scroll of teleportation {unknown}
Potions
 k - a potion of brilliance {unknown}
 m - a potion of curing
 s - a potion of heal wounds {unknown}
Books
 w - a book of Hinderance

   Spells                             Type                      Level
   a - Confusing Touch                Hexes                        2
   b - Confuse                        Hexes                        3
   c - Gell's Gravitas                Hexes/Translocation          3
   d - Petrify                        Transmutation/Earth          4
   e - Metabolic Englaciation         Hexes/Ice                    5


   Skills:
 + Level 2.8 Fighting
 + Level 3.6 Axes
 + Level 2.2 Throwing
 + Level 1.8 Armour
 + Level 3.8 Dodging
 + Level 0.2 Stealth


You had one spell level left.
You knew the following spells:

 Your Spells              Type           Power        Failure   Level  Hunger
a - Confuse               Hex            #.......     100%        3    ####...


Dungeon Overview and Level Annotations

Branches:
Dungeon (4/15)             Temple (0/1) D:4

Altars:

Annotations:
D:4 Grinder


Innate Abilities, Weirdness & Mutations

Your body sometimes deteriorates upon taking damage.
You are dopey. (Int -2)
You are frail (-10% HP).


Message History

Grinder is moderately wounded.
Grinder gestures at you. Pain shoots through your body!
Grinder gestures.
Grinder blinks!
Grinder gestures.
Grinder blinks!
Found a staircase to the Ecumenical Temple.
You barely miss Grinder.
Grinder is moderately wounded.
Grinder gestures at you. You resist with significant effort.
You closely miss Grinder.
Grinder is moderately wounded.
Grinder closely misses you.
You hit Grinder.
Grinder is moderately wounded.
Grinder gestures at you. Pain shoots through your body!
You die...

.....## ###.#
..(...## ##.#.#
.......####....###
.......+.........#
.......####...##.#
......## ##.# #.#
.....## #####.#
#...## ##..5##
##+## #.>.@.# # .#
#.....# ##.#
#.....# ...##
......## ....##
.P..##.## .....#
>... #. .<...# .P.
#. ...#.# .. #.
...#...


You could see Grinder.

Vanquished Creatures
  A worker ant (D:4)
  A worker ant zombie (D:3)
  5 adders
  An ooze (D:1)
  A worm (D:2)
  An adder skeleton (D:3)
  A giant gecko (D:3)
  A giant cockroach (D:1)
  2 hobgoblins (D:2)
  3 kobolds
  3 bats
  2 giant newts (D:1)
  5 goblins
  7 jackals
  3 rats
37 creatures vanquished.

Notes
Turn   | Place    | Note
--------------------------------------------------------------
     0 | D:1      | Mammari the Human Gladiator began the quest for the Orb.
     0 | D:1      | Reached XP level 1. HP: 16/16 MP: 1/1
   392 | D:1      | Reached XP level 2. HP: 20/22 MP: 2/2
   950 | D:2      | Reached XP level 3. HP: 12/27 MP: 3/3
  1040 | D:2      | Gained mutation: You are dopey. (Int -2) [potion of mutation]
  1040 | D:2      | Gained mutation: Your body sometimes deteriorates upon taking damage. [potion of mutation]
  1040 | D:2      | Gained mutation: You are frail (-10% HP). [potion of mutation]
  1650 | D:2      | Reached skill level 1 in Armour
  1650 | D:2      | Reached XP level 4. HP: 21/30 MP: 4/4
  2867 | D:4      | Reached XP level 5. HP: 20/36 MP: 5/5
  2891 | D:4      | Learned a level 3 spell: Confuse
  2937 | D:4      | Noticed Grinder
  2943 | D:4      | Found a staircase to the Ecumenical Temple.
  2947 | D:4      | Killed from afar by Grinder

Action                   |  1- 3 |  4- 6 || total
-------------------------+-------+-------++-------
Melee: War axe           |    88 |    92 ||   180
Throw: Tomahawk          |       |     2 ||     2
  Use: Scroll            |     3 |     4 ||     7
       Potion            |     3 |       ||     3
  Eat: Bread ration      |     1 |       ||     1
       Meat ration       |       |     1 ||     1
